 Dungeon Crawl Stone Soup version 0.21-a0-238-geb0acef (console) character file.

241792 removed the Scorcher (level 18, -12/166 HPs)
             Began as a Demigod Fire Elementalist on Aug 27, 2017.
             Mangled by a nagaraja
             ... wielding a +0 flail
              (13 damage)
             ... on level 4 of the Snake Pit on Sept 2, 2017.
             The game lasted 02:37:41 (51705 turns).

removed the Scorcher (Demigod Fire Elementalist)   Turns: 51705, Time: 02:37:42

Health: -12/166    AC: 11    Str: 11    XL:     18   Next: 38%
Magic:  27/49      EV:  2    Int: 37    God:
Gold:   1019       SH:  0    Dex: 16    Spells: 10/43 levels left

rFire    + + .     SeeInvis .   a - +11 spear of Dominance {elec, Int+2}
rCold    . . .     Gourm    .   (no shield)
rNeg     + + +     Faith    .   w - +1 leather armour {rPois}
rPois    ∞         Spirit   .   y - +0 helmet
rElec    .         Reflect  .   A - +0 cloak
rCorr    +         Harm     .   r - +1 pair of gloves of Greed {rF++ rCorr Stlth+}
MR       +....                  v - +2 pair of boots
Stlth    +++.......             X - amulet of Vitality {Regen+ HP+15}
HPRegen  0.77/turn              h - ring of magical power
MPRegen  0.31/turn              Z - +4 ring of intelligence

@: petrified, flying
A: high mp 1
}: 1/15 runes: decaying
a: no special abilities


You were on level 4 of the Snake Pit.
You were not hungry.

You visited 5 branches of the dungeon, and saw 31 of its levels.
You also visited: Labyrinth, Sewer and Ice Cave.

You collected 2662 gold pieces.
You spent 1643 gold pieces at shops.

Inventory:

Hand Weapons
 a - the +11 spear of Dominance (weapon) {elec, Int+2}
   (You found it on level 7 of the Dungeon)

   Occasionally, upon striking a foe, it will discharge some electrical energy
   and cause terrible harm.
   It affects your intelligence (+2).
 x - a +0 blowgun
 P - a +3 demon trident of freezing
Missiles
 C - 15 curare-tipped needles
 Y - 3 throwing nets (quivered)
Armour
 r - the +1 pair of gloves of Greed (worn) {rF++ rCorr Stlth+}
   (You took it off Nikola on level 3 of the Snake Pit)

   It greatly protects you from fire.
   It protects you from acid and corrosion.
   It makes you more stealthy.
 v - a +2 pair of boots (worn)
 w - a +1 leather armour of poison resistance (worn)
 y - a +0 helmet (worn)
 A - a +0 cloak (worn)
Magical Staves
 b - an uncursed staff of conjuration
Jewellery
 h - a ring of magical power (left hand)
 E - an uncursed ring of protection from magic
 I - an uncursed ring of see invisible
 J - an uncursed ring of poison resistance
 N - the ring of the Scavenger {Dex+3 Slay+3}
   (You found it on level 5 of the Dungeon)

   [ring of dexterity]

   It affects your dexterity (+3).
   It affects your accuracy and damage with ranged weapons and melee attacks
   (+3).
 X - the amulet of Vitality (around neck) {Regen+ HP+15}
   (You found it on level 6 of the Lair of Beasts)

   [amulet of regeneration]

   It affects your health (+15).
   It increases your rate of regeneration.
 Z - a +4 ring of intelligence (right hand)
Wands
 k - a wand of clouds (4/9)
 s - a wand of acid (1/15)
 K - a wand of acid (11/15)
 L - a wand of digging (7/24)
 M - a wand of polymorph (18/24)
Scrolls
 d - 9 scrolls of teleportation
 l - 2 scrolls of magic mapping
 m - 2 scrolls of holy word
 p - 14 scrolls of identify
 D - a scroll of acquirement
 H - 8 scrolls of recharging
 Q - 11 scrolls of remove curse
 R - 5 scrolls of fog
 S - 4 scrolls of enchant armour
 T - 2 scrolls of blinking
 U - 2 scrolls of amnesia
Potions
 f - 4 potions of resistance
 g - a potion of magic
 n - 2 potions of cancellation
 o - 3 potions of agility
 q - 10 potions of flight
 z - 3 potions of ambrosia
 B - 4 potions of mutation
 F - 4 potions of heal wounds
 G - 4 potions of might
 O - 19 potions of curing
 V - a potion of brilliance
 W - 3 potions of haste
Comestibles
 c - 9 bread rations
 i - 11 meat rations
 j - 37 fruits
 t - 9 royal jellies


   Skills:
 - Level 11.0 Fighting
 - Level 12.0 Polearms
 - Level 9.0 Dodging
 - Level 1.7 Stealth
 - Level 13.0 Spellcasting
 - Level 15.0 Conjurations
 - Level 3.0 Charms
 + Level 16.1 Fire Magic
 - Level 6.0 Earth Magic


You had 10 spell levels left.
You knew the following spells:

 Your Spells              Type           Power        Failure   Level  Hunger
a - Flame Tongue          Conj/Fire      #####        0%          1    None
b - Conjure Flame         Conj/Fire      #######.     0%          3    None
c - Sticky Flame          Conj/Fire      #######.     1%          4    None
d - Fireball              Conj/Fire      #######...   1%          5    None
e - Regeneration          Chrm/Necr      #####.....   3%          3    None
f - Iron Shot             Conj/Erth      #######...   4%          6    ###....
g - Bolt of Fire          Conj/Fire      #######...   1%          6    ###....
w - Iskenderun's Battles  Conj/Chrm      ######..     1%          5    None


Dungeon Overview and Level Annotations

Branches:
Dungeon (15/15)            Temple (0/1) D:6            Lair (6/6) D:8
  Swamp (4/4) Lair:2        Snake (4/4) Lair:3        Slime (0/5) Lair:5
    Orc (2/2) D:11            Elf (0/3) Orc:2        Vaults (0/5) D:13
 Depths (0/5) D:15

Shops:
D:10 ?=*(   D:11 (   Orc:2 (*:[

Portals:
Trove: D:10 (give +3 gold dragon scales)

Annotations:
Swamp:4 exclusion: Roxanne, Roxanne
Snake:3 exclusion: downstairs
Snake:4 Jorgrun


Innate Abilities, Weirdness & Mutations

You have an increased reservoir of magic. (+10% MP)


Message History

* * * LOW HITPOINT WARNING * * *
The naga constricts you.
A naga mage comes into view. It is wielding a whip.
The black mamba bites you!
* * * LOW HITPOINT WARNING * * *
The nagaraja completely misses you. The naga mage casts a spell at you.
You resist with almost no effort.
The naga mage casts a spell.
The naga mage seems to speed up.
The black mamba bites you!
* * * LOW HITPOINT WARNING * * *
The naga warrior hits you from afar with a halberd of venom!
* * * LOW HITPOINT WARNING * * *
A nagaraja comes into view. It is wielding a club.
The black mamba bites you!
* * * LOW HITPOINT WARNING * * *
The naga mage casts a spell.
The naga mage seems to speed up.
The naga loses its grip on you. The nagaraja hits you with a flail!!
You die...

.#.... .......
N ..... .......
⌠. ..#. .#.....
..N#... .NN....
N...... .N.[...
.N#.... N......
.....NS#N.....#
.....NN@NN..#
.......######
##...## ## #..
..


NN. ## #.## N.N # ###.####.N # #......#.## # #......S..# You could see 2 naga
warriors, 4 nagarajas, a naga sharpshooter, a black mamba, 6 naga magi and 3
nagas.

Vanquished Creatures
  Mara (Swamp:3)
  Vashnia (Snake:2)
  Nikola (Snake:3)
  An Ice Fiend (IceCv)
  Rupert (D:14)
  Asterion (Snake:1)
  Agnes (Snake:3)
  Frances (Snake:1)
  A storm dragon (D:15)
  3 nagarajas
  Kirke (Snake:1)
  2 thorn hunters (Swamp:4)
  An orc warlord (Orc:2)
  A ghoul (Swamp:1)
  2 very ugly things
  Azrael (D:13)
  Nessos (D:15)
  3 ettins
  A yaktaur captain (D:15)
  A minotaur (Lab)
  2 ogre magi
  5 centaur warriors
  26 hydras
  2 ghost crabs (Swamp:3)
  21 naga warriors
  16 anacondas
  A tengu warrior (D:13)
  10 two-headed ogres
  3 alligators
  4 death yaks
  16 naga sharpshooters
  4 orc high priests
  12 shock serpents
  3 skeletal warriors (D:14)
  A salamander mystic (Snake:4)
  2 unseen horrors
  A deep troll (D:15)
  9 swamp dragons
  A sea snake (Lair:3)
  5 spriggan druids
  2 shambling mangroves
  2 wizards (D:15)
  7 naga ritualists
  2 necromancers (D:13)
  5 orc knights
  An oklob plant (Lair:3)
  2 wolf spider zombies (D:15)
  15 mana vipers
  6 orc sorcerers (Orc:2)
  5 manticores
  2 ugly things
  7 salamanders
  A deep elf mage (D:12)
  3 cyclopes
  The ghost of KristoblXynda the Covert, a novice DrAs of Ashenzari (D:9)
  3 elephants (Lair:6)
  3 guardian serpents
  Maurice (D:13)
  2 ice statues (IceCv)
  18 naga magi
  Psyche (D:9)
  54 black mambas
  36 spiny frogs
  2 gargoyles
  3 rime drakes
  3 freezing wraiths (Swamp:1)
  12 ice devils (IceCv)
  A golden dragon simulacrum (IceCv)
  12 komodo dragons
  A yaktaur (D:15)
  A tengu conjurer (D:15)
  A minotaur zombie (Lab)
  A queen bee (Lair:3)
  5 trolls
  A polar bear (Lair:3)
  A harpy zombie (D:15)
  14 hornets
  8 tyrant leeches
  14 bog bodies
  9 slime creatures
  17 hippogriffs
  49 blink frogs
  A dream sheep (Lair:2)
  2 water elementals (D:12)
  13 spriggans
  4 shadows
  2 wyverns
  4 wraiths
  A hog (Snake:1)
  30 yaks
  4 basilisks
  3 fire elementals (D:13)
  A dire elephant simulacrum (IceCv)
  5 hungry ghosts
  Grum (D:8)
  A human (shapeshifter) (D:15)
  32 vampire mosquitoes
  Menkaure (D:3)
  10 wargs
  3 harpy simulacra (IceCv)
  An acid dragon (D:15)
  7 insubstantial wisps
  A soldier ant (D:12)
  5 hydra simulacra (IceCv)
  30 nagas
  30 swamp worms
  4 hell hounds (D:13)
  2 porcupines
  14 water moccasins
  19 swamp drakes
  25 orc warriors
  5 ice beasts
  5 sky beasts
  2 phantoms
  5 necrophages
  2 eyes of draining
  11 ogres
  3 wolves (D:8)
  12 centaurs
  11 crocodiles
  24 bullfrogs
  4 big kobolds
  A wyvern zombie (D:12)
  A wyvern skeleton (D:11)
  2 scorpions
  36 killer bees
  7 electric eels
  4 howler monkeys
  11 wights
  A lava snake (D:14)
  8 crimson imps
  A bullfrog zombie (D:5)
  5 centaur skeletons
  2 centaur zombies
  6 hounds
  19 orc priests
  4 jellies
  A quasit (D:10)
  24 orc wizards
  Crazy Yiuf (D:3)
  3 iguanas
  9 worker ants
  A killer bee zombie (D:7)
  A hound skeleton (D:4)
  A worker ant zombie (D:9)
  30 adders
  4 shadow imps
  An ooze (D:3)
  An adder skeleton (D:7)
  An adder zombie (D:9)
  19 worms
  2 dart slugs (D:1)
  4 leopard geckos
  74 orcs
  10 bats
  7 giant cockroaches
  7 goblins
  5 hobgoblins
  18 jackals
  3 quokkas
  7 ball pythons
  A ball python skeleton (D:3)
  4 frilled lizards
  2 jackal zombies
  24 kobolds
  A leopard gecko zombie (D:6)
  A quokka skeleton (D:3)
  A quokka zombie (D:7)
  10 rats
  A bush (Lair:6)
  2 fungi
  4 plants
1237 creatures vanquished.

Vanquished Creatures (others)
  A fire giant (D:15)
  A mana viper (Snake:3)
  5 humans (Snake:1)
  7 fungi (Lair:6)
  42 plants
56 creatures vanquished.

Grand Total: 1293 creatures vanquished

Notes
Turn   | Place    | Note
-------+----------+-------------------------------------------
     0 | D:1      | removed the Demigod Fire Elementalist began the quest for the Orb.
     0 | D:1      | Reached XP level 1. HP: 14/14 MP: 5/5
    14 | D:1      | Reached skill level 1 in Conjurations
   294 | D:1      | Reached XP level 2. HP: 20/20 MP: 2/7
  1327 | D:2      | Reached XP level 3. HP: 26/26 MP: 3/8
  1421 | D:2      | Learned a level 3 spell: Conjure Flame
  1982 | D:2      | Found a hide-covered altar of Uskayaw.
  2098 | D:2      | Found a burning altar of Makhleb.
  2104 | D:2      | Reached skill level 3 in Fire Magic
  2104 | D:2      | Reached XP level 4. HP: 25/33 MP: 2/9
  2777 | D:3      | Found a runed door.
  3136 | D:3      | Found a glowing silver altar of Zin.
  3263 | D:3      | Found a shadowy altar of Dithmenos.
  3276 | D:3      | Found a faded altar of an unknown god.
  3402 | D:3      | Reached XP level 5. HP: 35/38 MP: 3/10
  3639 | D:3      | Reached skill level 4 in Fire Magic
  3833 | D:3      | Found a transporter.
  3849 | D:3      | Found a basalt altar of Yredelemnul.
  3851 | D:3      | Noticed Menkaure
  3859 | D:3      | Found an ancient bone altar of Kikubaaqudgha.
  3862 | D:3      | Found a transporter.
  3943 | D:3      | Noticed Crazy Yiuf
  3950 | D:3      | Killed Crazy Yiuf
  4102 | D:4      | Reached XP level 6. HP: 45/45 MP: 5/11
  4179 | D:4      | Found a glowing drain.
  4204 | Sewer    | Entered a sewer
  5241 | D:4      | Reached skill level 5 in Conjurations
  5278 | D:4      | Reached skill level 5 in Fire Magic
  5580 | D:5      | Entered Level 5 of the Dungeon
  5586 | D:5      | Got a clouded lapis lazuli ring
  5588 | D:5      | Identified the ring of the Scavenger {Dex+3 Slay+3} (You found it on level 5 of the Dungeon)
  5738 | D:5      | Reached XP level 7. HP: 46/50 MP: 12/12
  5778 | D:5      | Learned a level 4 spell: Sticky Flame
  6004 | D:5      | Found a transporter.
  6317 | D:5      | Found a transporter.
  6746 | D:6      | Reached skill level 6 in Fire Magic
  7126 | D:6      | Found a staircase to the Ecumenical Temple.
  7685 | D:3      | Killed Menkaure
  7685 | D:3      | Reached XP level 8. HP: 45/57 MP: 2/17
  8088 | D:7      | Got a twisted spear
  8089 | D:7      | Identified the +11 spear of Dominance {elec, Int+2} (You found it on level 7 of the Dungeon)
  8247 | D:7      | Noticed a hippogriff
  8252 | D:7      | Killed a hippogriff
  8321 | D:7      | Found a shattered altar of Ashenzari.
  8352 | D:7      | Noticed a troll
  8372 | D:7      | Killed a troll
  8372 | D:7      | Reached skill level 7 in Fire Magic
  9106 | D:8      | Reached XP level 9. HP: 60/62 MP: 8/18
  9252 | D:8      | Reached skill level 8 in Fire Magic
  9285 | D:8      | Noticed Grum
  9288 | D:8      | Found a staircase to the Lair.
  9609 | D:8      | Reached skill level 5 in Spellcasting
  9649 | D:8      | Reached skill level 1 in Fighting
  9780 | D:8      | Found a hazy altar of Hepliaklqana.
 10398 | D:8      | Killed Grum
 10439 | D:8      | Noticed a two-headed ogre
 10447 | D:8      | Killed a two-headed ogre
 10447 | D:8      | Reached XP level 10. HP: 77/77 MP: 17/21
 10474 | D:8      | Learned a level 5 spell: Fireball
 10525 | D:8      | Found a stormy altar of Qazlal.
 10538 | D:8      | Found a deep blue altar of Sif Muna.
 10539 | D:8      | Found an ornate altar of the Wu Jian Council.
 10543 | D:8      | Found a snail-covered altar of Cheibriados.
 10821 | D:9      | Noticed a two-headed ogre
 10855 | D:9      | Killed a two-headed ogre
 10855 | D:9      | Reached skill level 9 in Fire Magic
 11027 | D:9      | Noticed KristoblXynda's ghost (novice DrAs)
 11070 | D:9      | Killed KristoblXynda's ghost
 11410 | D:9      | Noticed Psyche
 11413 | D:9      | Killed Psyche
 11785 | D:10     | Entered Level 10 of the Dungeon
 11813 | D:10     | Reached skill level 10 in Conjurations
 12061 | D:10     | Found Ynyosaiw's Jewellery Shoppe.
 12189 | D:10     | Found Irituexo's Weapon Shoppe.
 12222 | D:10     | Found Erphene's General Store.
 12238 | D:10     | Found a portal to a secret trove of treasure.
 12276 | D:10     | Found Xedeiqo's Magic Scroll Shop.
 12462 | D:10     | Reached skill level 10 in Fire Magic
 12854 | D:10     | Bought a scroll of blinking for 97 gold pieces
 12854 | D:10     | Bought a scroll of fog for 26 gold pieces
 12888 | D:10     | Bought a potion of heal wounds for 50 gold pieces
 12913 | D:10     | Bought an uncursed amulet of magic regeneration for 330 gold pieces
 13119 | D:11     | Noticed a manticore
 13122 | D:11     | Noticed a two-headed ogre
 13126 | D:11     | Killed a manticore
 13126 | D:11     | Reached XP level 11. HP: 80/82 MP: 21/22
 13129 | D:11     | Killed a two-headed ogre
 13129 | D:11     | Reached skill level 5 in Polearms
 13195 | D:11     | Noticed a four-headed hydra
 13349 | D:10     | Killed a four-headed hydra
 14247 | D:11     | Noticed an unseen horror
 14254 | D:11     | Killed an unseen horror
 14254 | D:11     | Reached skill level 5 in Fighting
 14419 | D:11     | Found Vorren's Antique Weapon Shop.
 14541 | D:11     | Found a staircase to the Orcish Mines.
 14937 | Lair:1   | Entered Level 1 of the Lair of Beasts
 15661 | Lair:1   | Reached XP level 12. HP: 96/96 MP: 23/25
 15958 | Lair:2   | Found a labyrinth entrance.
 16005 | Lab      | Entered a labyrinth
 16070 | Lab      | Noticed a minotaur
 16075 | Lab      | Killed a minotaur
 16101 | Lab      | Got a crystal spear
 16102 | Lab      | Identified the +8 spear of Esenaem {speed, MR- Int+5 Dex+3} (You found it in a labyrinth)
 16107 | Lab      | Got a polished scimitar
 16108 | Lab      | Identified the +4 scimitar of Nightmares {antimagic, Str+5} (You found it in a labyrinth)
 16322 | Lair:2   | Learned a level 3 spell: Regeneration
 16375 | Lair:2   | Found a staircase to the Swamp.
 16624 | Lair:2   | Reached skill level 10 in Polearms
 17265 | Lair:2   | Reached skill level 1 in Charms
 18146 | Lair:3   | Found a staircase to the Snake Pit.
 18239 | Lair:3   | Got a shimmering robe
 18250 | Lair:3   | Identified the +1 robe of Time Monsters {Int+2} (You found it on level 3 of the Lair of Beasts)
 20585 | Lair:4   | Reached XP level 13. HP: 55/105 MP: 14/27
 21042 | Lair:5   | Reached skill level 11 in Fire Magic
 21419 | Lair:5   | Found a staircase to the Slime Pits.
 21695 | Lair:6   | Entered Level 6 of the Lair of Beasts
 23523 | Lair:6   | Reached skill level 5 in Dodging
 23589 | Lair:6   | Found the amulet of Vitality {Regen+ HP+15}
 24329 | Lair:6   | Reached XP level 14. HP: 115/115 MP: 26/28
 24721 | Lair:6   | Got a shimmering mace
 25311 | D:12     | Got a sapphire war axe
 26650 | Orc:1    | Entered Level 1 of the Orcish Mines
 27405 | Orc:2    | Entered Level 2 of the Orcish Mines
 28088 | Orc:2    | Reached skill level 10 in Spellcasting
 28405 | Orc:2    | Found a staircase to the Elven Halls.
 28422 | Orc:2    | Noticed an orc warlord
 28438 | Orc:2    | Killed an orc warlord
 28882 | Orc:2    | Found Laul's Antique Armour Emporium.
 28882 | Orc:2    | Found Guwur's Antique Weapon Emporium.
 28883 | Orc:2    | Found Nafun's Book Shop.
 28886 | Orc:2    | Found Oxoqul's General Store.
 29330 | Orc:2    | Bought a runed robe for 133 gold pieces
 29367 | Orc:2    | Bought a book of Fire for 910 gold pieces
 29374 | Orc:2    | Learned a level 6 spell: Bolt of Fire
 29506 | D:13     | Paralysed by an ogre mage for 2 turns
 29517 | D:13     | Reached skill level 12 in Fire Magic
 29613 | D:13     | Noticed Maurice
 29614 | D:13     | Killed Maurice
 29624 | D:13     | Found a gate to the Vaults.
 30076 | D:13     | Noticed Azrael
 30101 | D:13     | Killed Azrael
 31007 | D:14     | Noticed Rupert
 31069 | D:14     | Paralysed by something for 3 turns
 31085 | D:14     | Killed Rupert
 31085 | D:14     | Reached XP level 15. HP: 121/121 MP: 6/33
 31688 | D:15     | Entered Level 15 of the Dungeon
 31704 | D:15     | Noticed a fire giant
 31777 | D:14     | Identified a scroll of acquirement
 32379 | D:15     | Found the +5 pair of quick blades "Gyre" and "Gimble" {pierce, Dex-3}
 32711 | D:15     | Found a staircase to the Depths.
 32770 | D:15     | Noticed Nessos
 32781 | D:15     | Killed Nessos
 32928 | D:15     | Reached skill level 13 in Fire Magic
 32975 | D:15     | Killed a fire giant
 33028 | D:15     | Found a large runed door.
 33028 | D:15     | Found a large runed door.
 33776 | D:15     | Noticed a storm dragon
 33779 | D:15     | Killed a storm dragon
 33873 | D:15     | Found a shadowy altar of Dithmenos.
 33876 | D:15     | Found a shimmering altar of Xom.
 33883 | D:15     | Upgraded the game from 0.21-a0-221-gfe971b9 to 0.21-a0-225-g207ae17
 34023 | D:10     | Bought a scroll of blinking for 97 gold pieces
 34406 | Snake:1  | Entered Level 1 of the Snake Pit
 34406 | Snake:1  | Noticed Frances
 34411 | Snake:1  | Killed Frances
 34785 | Snake:1  | Noticed Asterion
 34792 | Snake:1  | Killed Asterion
 35834 | Snake:1  | Noticed Kirke
 35839 | Snake:1  | Reached skill level 14 in Fire Magic
 35845 | Snake:1  | Killed Kirke
 35861 | Snake:1  | Reached XP level 16. HP: 94/128 MP: 0/35
 37472 | Snake:2  | Upgraded the game from 0.21-a0-225-g207ae17 to 0.21-a0-228-g14ccbf3
 38058 | Snake:3  | Upgraded the game from 0.21-a0-228-g14ccbf3 to 0.21-a0-237-g87df72b
 38148 | Snake:3  | Noticed Nikola
 38300 | Snake:2  | Reached skill level 15 in Conjurations
 38308 | Snake:2  | Reached skill level 15 in Fire Magic
 38310 | Snake:2  | Noticed Vashnia
 38420 | Snake:2  | Killed Vashnia
 40283 | Snake:2  | Learned a level 6 spell: Iron Shot
 40299 | Snake:2  | Learned a level 5 spell: Iskenderun's Battlesphere
 40329 | Snake:3  | Killed Nikola
 40442 | Snake:3  | Got a pair of scorched gloves
 40453 | Snake:3  | Identified the +1 pair of gloves of Greed {rF++ rCorr Stlth+} (You took it off Nikola on level 3 of the Snake Pit)
 41102 | Snake:3  | Got an encrusted ring mail
 41151 | Snake:3  | Reached XP level 17. HP: 134/134 MP: 19/38
 41280 | Snake:3  | Noticed Agnes
 41283 | Snake:3  | Killed Agnes
 41810 | Snake:3  | Identified the +1 ring mail "Jaerr" {rElec rPois rF++ Dex-4} (You found it on level 3 of the Snake Pit)
 41917 | Snake:3  | Got a translucent short sword
 42270 | Snake:4  | Entered Level 4 of the Snake Pit
 42455 | Swamp:1  | Entered Level 1 of the Swamp
 42469 | Swamp:1  | Found a frozen archway.
 42471 | Swamp:1  | Reached skill level 1 in Earth Magic
 42482 | IceCv    | Entered an ice cave
 42901 | IceCv    | Noticed an Ice Fiend
 42903 | IceCv    | Killed an Ice Fiend
 43298 | IceCv    | Got a steaming robe
 43317 | IceCv    | Identified the cursed +0 robe "Qoxywk" {+Fly rC+ Str-5} (You found it in an ice cave)
 44047 | Swamp:1  | Reached skill level 5 in Earth Magic
 46301 | Swamp:3  | Noticed Mara
 46482 | Swamp:3  | Noticed removed's illusion
 46616 | Swamp:3  | Noticed removed's illusion
 47005 | Swamp:3  | Noticed removed's illusion
 47167 | Swamp:3  | Killed Mara
 47167 | Swamp:3  | Reached skill level 10 in Fighting
 47264 | Swamp:3  | Upgraded the game from 0.21-a0-237-g87df72b to 0.21-a0-238-geb0acef
 48110 | Swamp:4  | Entered Level 4 of the Swamp
 49055 | Swamp:4  | Reached XP level 18. HP: 151/151 MP: 23/40
 49936 | Swamp:4  | Noticed Roxanne
 50356 | Swamp:4  | Got a decaying rune of Zot
 51683 | Snake:4  | Reached skill level 16 in Fire Magic
 51685 | Snake:4  | Noticed Jorgrun
 51704 | Snake:4  | HP: 8/166 [black mamba (5)]
 51705 | Snake:4  | HP: 1/166 [black mamba (4)]
 51705 | Snake:4  | Mangled by a nagaraja

Vault maps used:
D:1:      saegor_arrival_simple_f, minmay_misc_feat_alley
D:2:      overflow_temple_1_default, makhleb_blood_cavern_becter
D:3:      gammafunk_temple_of_torment, grunt_dithmenos_smoke, zin_statuary,
          chequers_ecumenical_altar_island, uniq_crazy_yiuf_cottage
D:4:      cheibrodos_sewer_entry_drain, minivault_4
D:5:      gammafunk_steamed_eel, first_bread
D:6:      temple_pool_b
D:7:      nicolae_overflow_crystal_walls
D:8:      kennysheep_little_box, minitemple, erik_lair_orcish_takeover,
          uniq_grum
D:9:      uniq_psyche
D:10:     serial_shops, shop_coins, shop, shop, shop, enter_trove_1
D:11:     minmay_orc_entry_guard_dogs, serial_shops, shop
D:12:     blue_anna_alchemist, serial_bayou_ford_a
D:13:     david_vaults_1, uniq_maurice, uniq_azrael
D:14:     kennysheep_pointless_box, uniq_rupert
D:15:     hangedman_depths_entry_civil_slaughter, jmf_multi_god_temple2,
          uniq_nessos
Lair:2:   statuecave_lemuel, minmay_swamp_entry_wisps, lab_entry_generic,
          wad_woods_river_01
Lair:3:   minmay_snake_entry_guardpost_small, special_room, worms_lemuel
Lair:5:   slime_dummy, grunt_megastairs_2
Lair:6:   minmay_lair_end_frog_pond, grunt_megastairs_1
Swamp:1:  portal_ice_cave_entry_frozen_things, evilmike_swamp_ruin_house_3,
          swamp_pool2, nicolae_swamp_triple_paths, hangedman_swamp_blocks,
          hangedman_swamp_ravenous
Swamp:2:  evilmike_swamp_ruin_rubble_2, swamp_pool1
Swamp:3:  evilmike_swamp_ruin_house_5, infiniplex_staircase_pool, uniq_mara
Swamp:4:  swamp, swamp_pool5, uniq_roxanne
Snake:1:  nicolae_snake_springs, uniq_frances, uniq_kirke, uniq_asterion
Snake:2:  nicolae_snake_shapes, uniq_vashnia
Snake:3:  uniq_nikola, uniq_agnes
Snake:4:  snake_pit, uniq_jorgrun
Orc:1:    special_room
Orc:2:    st_orc_elflike
Lab:      labyrinth_hidden_loot, nicolae_lab_flowing_pool
Sewer:    sewer_co_scattered_pipes
IceCv:    ice_cave_tombish

Skill      XL: |  1  2  3  4  5  6  7  8  9 10 11 12 13 14 15 16 17 18 |
---------------+-------------------------------------------------------+-----
Conjurations   | 2 3 4 5 6 7 8 10 11 12 14 15 | 15.0
Fire Magic     | 3 4 5 6 7 8 10 11 12 14 15 16 | 16.1
Spellcasting   | 3 4 5 6 7 10 12 13 | 13.0
Fighting       | 3 6 7 8 11 | 11.0
Dodging        | 3 6 7 8 9 |  9.0
Polearms       | 4 8 10 12 | 12.0
Charms         | 3 |  3.0
Earth Magic    | 6 |  6.0
Stealth        | |  1.7

Action                   |  1- 3 |  4- 6 |  7- 9 | 10-12 | 13-15 | 16-18 || total
-------------------------+-------+-------+-------+-------+-------+-------++-------
Melee: Spear             |       |     6 |    60 |   410 |   609 |   325 ||  1410
       Trident           |       |    55 |    36 |       |       |       ||    91
       Staff             |       |       |       |     3 |    24 |       ||    27
 Fire: Blowgun           |       |       |       |       |     1 |       ||     1
 Cast: Flame Tongue      |    90 |   142 |   220 |   176 |    16 |       ||   644
       Conjure Flame     |     1 |     5 |    23 |    26 |     1 |       ||    56
       Sticky Flame      |       |       |     6 |    93 |    95 |    55 ||   249
       Fireball          |       |       |       |    46 |   283 |   494 ||   823
       Regeneration      |       |       |       |     3 |    18 |    16 ||    37
       Bolt of Fire      |       |       |       |       |    10 |    28 ||    38
       Iskenderun's Batt |       |       |       |       |       |     2 ||     2
       Iron Shot         |       |       |       |       |       |    18 ||    18
Evoke: Wand              |       |       |       |       |     1 |     4 ||     5
  Use: Scroll            |       |       |    17 |     7 |     9 |    15 ||    48
       Potion            |       |       |       |       |     1 |     5 ||     6
 Stab: Sleeping          |       |       |       |     1 |     1 |       ||     2
       Distracted        |       |       |       |     1 |     1 |       ||     2
  Eat: Chunk             |     4 |    15 |    15 |    43 |    81 |    26 ||   184
       Royal jelly       |       |       |     1 |     1 |     3 |    10 ||    15
       Bread ration      |       |       |       |     1 |     1 |     4 ||     6
       Fruit             |       |       |       |       |     4 |       ||     4
       Meat ration       |       |       |       |       |       |     1 ||     1
Armor: Robe              |    11 |       |       |       |       |       ||    11
       Ring mail         |       |    36 |    77 |   213 |   145 |       ||   471
       Leather armour    |       |       |       |       |    24 |    91 ||   115
Dodge: Dodged            |    19 |    73 |    90 |   217 |   341 |   289 ||  1029

Table legend:
 A = Spawn XP
 B = Non-spawn XP
 C = Spawn XP percentage of total XP
 D = Spawn monster count
 E = Non-spawn monster count
 F = Spawn count percentage of total count
 G = Total turns spent on level
                    A         B        C        D         E        F      G
               +---------+---------+-------+---------+---------+-------+---------
         Total |   64037 |  320445 |  16.7 |     209 |    1022 |  17.0 | 51705
               +---------+---------+-------+---------+---------+-------+---------
           D:1 |       3 |      36 |   7.7 |       2 |      21 |   8.7 |  1166
           D:2 |      17 |     110 |  13.4 |       4 |      19 |  17.4 |  1570
           D:3 |      65 |     363 |  15.2 |      10 |      28 |  26.3 |  1560
           D:4 |      36 |     364 |   9.0 |       2 |      16 |  11.1 |   823
           D:5 |      99 |     483 |  17.0 |       5 |      16 |  23.8 |  1284
           D:6 |      15 |     234 |   6.0 |       2 |      10 |  16.7 |   978
           D:7 |      50 |    1169 |   4.1 |       1 |      22 |   4.3 |   900
           D:8 |    1808 |    2560 |  41.4 |      12 |      36 |  25.0 |  1979
           D:9 |     299 |    2792 |   9.7 |       8 |      14 |  36.4 |  1188
          D:10 |     354 |    2843 |  11.1 |      10 |      27 |  27.0 |  1530
          D:11 |    2087 |    6650 |  23.9 |      10 |      35 |  22.2 |  1731
          D:12 |    1598 |    4689 |  25.4 |       9 |      35 |  20.5 |  1351
          D:13 |    1110 |   11864 |   8.6 |       3 |      34 |   8.1 |  1032
          D:14 |    3348 |    6958 |  32.5 |       7 |      16 |  30.4 |  1826
          D:15 |    4273 |   24295 |  15.0 |      11 |      38 |  22.4 |  1611
        Lair:1 |     347 |    3808 |   8.4 |       2 |      14 |  12.5 |  1102
        Lair:2 |     433 |    6374 |   6.4 |       2 |      31 |   6.1 |  1924
        Lair:3 |    2596 |    6640 |  28.1 |       7 |      52 |  11.9 |  2292
        Lair:4 |     426 |    4329 |   9.0 |       2 |      19 |   9.5 |   972
        Lair:5 |    1306 |    7900 |  14.2 |       6 |      24 |  20.0 |  2193
        Lair:6 |    3162 |   22247 |  12.4 |       8 |      70 |  10.3 |  1889
       Swamp:1 |    1500 |   10029 |  13.0 |       6 |      32 |  15.8 |  1408
       Swamp:2 |    1601 |    9275 |  14.7 |       6 |      22 |  21.4 |  2043
       Swamp:3 |    4562 |   20107 |  18.5 |       9 |      31 |  22.5 |  2098
       Swamp:4 |    1960 |   30092 |   6.1 |       6 |      59 |   9.2 |  1602
       Snake:1 |    7523 |   28467 |  20.9 |      14 |      47 |  23.0 |  2881
       Snake:2 |   13034 |   35421 |  26.9 |      23 |      50 |  31.5 |  3106
       Snake:3 |    9728 |   24802 |  28.2 |      16 |      29 |  35.6 |  2301
       Snake:4 |       0 |   16547 |   0.0 |       0 |      29 |   0.0 |   490
         Orc:1 |     113 |    4443 |   2.5 |       1 |      28 |   3.4 |  1141
         Orc:2 |     584 |   13471 |   4.2 |       5 |      72 |   6.5 |  1803
           Lab |       0 |    1351 |   0.0 |       0 |       2 |   0.0 |   309
         Sewer |       0 |      56 |   0.0 |       0 |      19 |   0.0 |   727
         IceCv |       0 |    9676 |   0.0 |       0 |      25 |   0.0 |   895
               +---------+---------+-------+---------+---------+-------+---------
